 Dungeon Crawl Stone Soup version 0.22.0 (webtiles) character file.

71491 Gorglomux the Fighter (level 14, -2/133 HPs)
             Began as a Minotaur Fighter on Aug 10, 2018.
             Was a High Priest of Okawaru.
             Killed from afar by a shock serpent (14 damage)
             ... with a bolt of electricity
             ... on level 1 of the Snake Pit.
             The game lasted 00:15:08 (17164 turns).

Gorglomux the Fighter (Minotaur Fighter)           Turns: 17164, Time: 00:15:09

Health: -2/133     AC: 31    Str: 25    XL:     14   Next: 98%
Magic:  13/19      EV: 10    Int:  7    God:    Okawaru [*****.]
Gold:   1255       SH: 24    Dex:  9    Spells: 13/13 levels left

rFire    + + +     SeeInvis +   K - +0 broad axe
rCold    . . .     Gourm    .   u - +1 large shield {rPois} {god gift}
rNeg     . . .     Faith    .   l - +7 chain mail of Perfidy {Regen+ SInv}
rPois    +         Spirit   .   F - +2 hat {SInv} {god gift}
rElec    .         Reflect  .   (no cloak)
rCorr    .         Harm     .   G - +2 pair of gloves
MR       +....                  C - +1 pair of boots
Stlth    ..........             m - amulet of the Thirsty Allies {Acrobat rF++}
HPRegen  0.72/turn              f - ring of protection from fire
MPRegen  0.16/turn              (no ring)

@: heroism, finesse
A: retaliatory headbutt, horns 2
a: Heroism, Finesse, Renounce Religion


You were on level 1 of the Snake Pit.
You worshipped Okawaru.
Okawaru was extremely pleased with you.
You were not hungry.

You visited 4 branches of the dungeon, and saw 23 of its levels.

You collected 1476 gold pieces.
You spent 221 gold pieces at shops.

Inventory:

Hand Weapons
 K - a +0 broad axe (weapon)
Missiles
 Z - 2 throwing nets (quivered)
Armour
 l - the +7 chain mail of Perfidy (worn) {Regen+ SInv}
   (You found it on level 12 of the Dungeon)

   It lets you see invisible.
   It increases your rate of regeneration.
 u - a +1 large shield of poison resistance (worn) {god gift}
 C - a +1 pair of boots (worn)
 F - a +2 hat of see invisible (worn) {god gift}
 G - a +2 pair of gloves (worn)
Jewellery
 f - a ring of protection from fire (left hand)
 m - the amulet of the Thirsty Allies (around neck) {Acrobat rF++}
   (You took it off a wizard on level 13 of the Dungeon)

   [amulet of the acrobat]

   It helps you evade while moving and waiting.
   It greatly protects you from fire.
 N - an uncursed ring of magical power {unknown}
 W - a +3 ring of dexterity
Wands
 E - a wand of enslavement (8)
 I - a wand of iceblast (19)
 P - a wand of paralysis (60)
 S - a wand of scattershot (9)
Scrolls
 g - 7 scrolls of remove curse
 p - a scroll of fog
 r - 3 scrolls of enchant weapon
 s - a scroll of immolation
 v - 2 scrolls of amnesia
 y - 8 scrolls of fear
 B - 2 scrolls of blinking
 L - a scroll of noise
 M - 2 scrolls of magic mapping
 R - 3 scrolls of identify
 T - 8 scrolls of teleportation
 V - 3 scrolls of enchant armour
Potions
 n - a potion of invisibility {unknown}
 o - 2 potions of lignification
 q - 2 potions of berserk rage
 w - a potion of cancellation
 x - 2 potions of mutation {!q}
 z - 4 potions of brilliance
 H - 2 potions of agility
 J - a potion of heal wounds
 O - a potion of ambrosia
 Q - 7 potions of curing
 U - 2 potions of haste
 X - 3 potions of flight
Comestibles
 A - 53 rations
 Y - 9 chunks of flesh


   Skills:
 + Level 14.8(19.8) Fighting
 + Level 14.6(19.6) Axes
 + Level 14.8(19.8) Armour
 + Level 14.8(19.8) Shields
 - Level 9.0 Invocations
 - Level 4.0 Evocations


You had 13 spell levels left.
You didn't know any spells.
Your spell library contained the following spells:

 Spells                   Type           Power        Failure   Level  Hunger
 Animate Dead             Necr           N/A          100%        4    #####..
 Pain                     Necr           #...         96%         1    ##.....
 Animate Skeleton         Necr           N/A          96%         1    ##.....
 Vampiric Draining        Necr           #.........   100%        3    ####...
 Summon Ice Beast         Ice/Summ       #.......     100%        4    #####..
 Regeneration             Chrm/Necr      #.........   100%        3    ####...
 Stone Arrow              Conj/Erth      #.....       100%        3    ####...
 Passwall                 Tmut/Erth      #.......     99%         2    ###....
 Call Canine Familiar     Summ           #.......     100%        3    ####...
 Summon Butterflies       Summ           #.......     96%         1    ##.....
 Lee's Rapid Deconstruct  Erth           #.........   100%        5    ######.
 Sandblast                Erth           #.....       96%         1    ##.....
 Petrify                  Tmut/Erth      #.......     100%        4    #####..
 Summon Hydra             Summ           #.........   100%        7    #######
 Shroud of Golubria       Chrm/Tloc      #.........   99%         2    ###....
 Infusion                 Chrm           #...         96%         1    ##.....
 Song of Slaying          Chrm           #.......     99%         2    ###....
 Spectral Weapon          Hex/Chrm       #.......     100%        3    ####...
 Summon Mana Viper        Hex/Summ       #.......     100%        5    ######.


Dungeon Overview and Level Annotations

Branches:
Dungeon (15/15)            Temple (1/1) D:4            Lair (6/6) D:11
 Shoals (0/4) Lair:3        Snake (1/4) Lair:3        Slime (0/5) Lair:5
    Orc (0/2) D:12         Vaults (0/5) D:13         Depths (0/5) D:15

Altars:
Ashenzari
Cheibriados
Elyvilon
Fedhas
Gozag
Hepliaklqana
Okawaru
Qazlal
Ru
Uskayaw
Wu Jian
Xom
Yredelemnul
Zin
The Shining One
Jiyva

Shops:
D:6 !   D:8 :

Annotations:
D:8 3 runed doors, zapotec's ghost, novice OgBe
D:11 1 runed door
Lair:5 exclusion: oklob plant


Innate Abilities, Weirdness & Mutations

You reflexively headbutt those who attack you in melee.
You have a pair of horns on your head.


Message History

The bolt of electricity hits you!!! * * * don't die
* * * Unknown command!
You feel much better!
The shock serpent shoots out a bolt of lightning at you!!!
The bolt of electricity hits you!!! * * * don't die
* * * You block the shock serpent's attack!
You slice the shock serpent like a ripe choko!!!
The shock serpent is heavily wounded!
The shock serpent's electric aura discharges, shocking you!!! * * * don't die
* * * You cut the shock serpent into ribbons!!!
Your headbutt misses the shock serpent!
The shock serpent is heavily wounded!
The shock serpent's electric aura discharges, shocking you!!! * * * don't die
* * * The butt serpent butts out a bolt of lightning at you!!!
The bolt of electricity hits you!!! butt

#########......#####....#
....................#...#
.##..#.....##########...#
.........######## #.).#
#......)..##...# ##.## ###
#......##......######..#####..
#..##..(.#.............(....#..
#. ##................####.....
#....###.@.......#....#...
#..### ###S.....##...[....
...########.#######...#.### ...
#...............##.##. ..
...###.......######.#..
#................#
#S##....######..## .. .####
##.# ..# .# #.#


You could see a shock serpent.

Vanquished Creatures
  Rupert (Lair:5)
  Frances (D:12)
  Kirke (Snake:1)
  Nessos (D:12)
  2 fire dragons (D:15)
  Josephine (D:10)
  An ogre mage (D:15)
  Erolcha (D:12)
  Harold (D:7)
  Fannar (Lair:2)
  3 vault guards (D:13)
  6 hydras
  A naga warrior (Snake:1)
  A catoblepas (D:13)
  3 centaur warriors
  8 two-headed ogres
  A shock serpent (Snake:1)
  A swamp dragon (shapeshifter) (D:14)
  3 unseen horrors
  3 wizards
  Pikel (D:7)
  3 ugly things
  A necromancer (D:13)
  A wolf spider zombie (D:13)
  A mana viper (shapeshifter) (D:14)
  A deep elf mage (D:15)
  2 cyclopes (D:11)
  2 manticores (D:15)
  A salamander (Snake:1)
  6 elephants (Lair:3)
  2 merfolk sirens (Lair:3)
  2 black mambas
  A smoke demon (D:15)
  13 spiny frogs
  2 gargoyles
  A rime drake (shapeshifter) (D:15)
  6 komodo dragons
  A tengu conjurer (D:13)
  A queen bee (Lair:3)
  An ice devil (D:15)
  2 merfolk (Lair:3)
  4 trolls
  A hornet (D:7)
  3 meliai (D:15)
  A meliai zombie (D:14)
  7 hippogriffs
  4 blink frogs (Lair:6)
  3 shadows
  4 wraiths
  A spriggan (D:9)
  A wyvern (Lair:3)
  20 yaks
  7 basilisks
  2 vampire mosquitoes (D:15)
  19 humans (D:13)
  5 hungry ghosts
  3 hogs (Snake:1)
  6 nagas
  6 water moccasins
  3 acid dragons
  Duvessa (D:7)
  9 porcupines
  An ice beast (D:6)
  5 sky beasts
  7 orc warriors
  A black bear (D:8)
  2 phantoms
  A wolf (Lair:6)
  5 ogres
  8 centaurs
  18 crocodiles
  3 big kobolds
  20 bullfrogs
  Dowan (D:7)
  A wyvern zombie (D:11)
  3 scorpions
  34 killer bees
  5 wights (D:6)
  A howler monkey (D:8)
  8 crimson imps
  4 centaur zombies
  4 hounds
  A quasit (D:11)
  5 orc wizards
  3 bullfrog zombies
  2 centaur skeletons
  4 orc priests
  2 jellies
  2 bullfrog skeletons
  5 iguanas
  9 worker ants
  2 hound skeletons
  A howler monkey zombie (D:9)
  3 gnolls (D:8)
  A howler monkey skeleton (D:5)
  17 adders
  5 shadow imps
  4 white imps (D:15)
  An ooze (D:3)
  An adder zombie (D:5)
  5 worms
  5 dart slugs
  5 leopard geckos
  41 orcs
  3 giant cockroaches
  5 goblins
  15 hobgoblins
  12 jackals
  4 quokkas
  A ball python (D:3)
  3 bats
  3 frilled lizards
  A jackal skeleton (D:7)
  18 kobolds
  2 quokka skeletons
  7 rats
  3 fungi
  A plant (Lair:3)
536 creatures vanquished.

Vanquished Creatures (others)
  A human (Snake:1)
  4 slaves (D:7)
  A killer bee (D:7)
  An adder (D:7)
  An orc (D:13)
  A jackal (D:10)
  7 fungi
  33 plants
49 creatures vanquished.

Grand Total: 585 creatures vanquished

Notes
Turn   | Place    | Note
-------+----------+-------------------------------------------
     0 | D:1      | Gorglomux the Minotaur Fighter began the quest for the Orb.
     0 | D:1      | Reached XP level 1. HP: 19/19 MP: 0/0
   287 | D:1      | Reached XP level 2. HP: 27/27 MP: 1/1
   443 | D:2      | Reached skill level 3 in Axes
   443 | D:2      | Reached XP level 3. HP: 24/33 MP: 2/2
   633 | D:2      | Reached XP level 4. HP: 30/41 MP: 3/3
   698 | D:2      | Found a blossoming altar of Fedhas.
  1313 | D:3      | Reached XP level 5. HP: 47/47 MP: 4/4
  2034 | D:4      | You fall through a shaft for 3 floors!
  2117 | D:7      | Noticed a sky beast
  2150 | D:7      | Killed a sky beast
  2150 | D:7      | Reached XP level 6. HP: 33/56 MP: 5/5
  2285 | D:7      | Noticed a slave
  2285 | D:7      | Noticed a slave
  2286 | D:7      | Noticed Pikel
  2298 | D:6      | Reached XP level 7. HP: 35/62 MP: 6/6
  2619 | D:6      | Reached skill level 6 in Fighting
  2653 | D:6      | Found Kytri's Distillery.
  2665 | D:6      | Reached skill level 6 in Armour
  2665 | D:6      | Reached skill level 6 in Shields
  2671 | D:6      | Bought a potion of agility for 52 gold pieces
  2671 | D:6      | Bought a potion of mutation for 104 gold pieces
  2671 | D:6      | Bought a potion of heal wounds for 65 gold pieces
  2699 | D:5      | Entered Level 5 of the Dungeon
  3536 | D:4      | Found a glowing golden altar of the Shining One.
  3536 | D:4      | Found a white marble altar of Elyvilon.
  3537 | D:4      | Found a glowing silver altar of Zin.
  3547 | D:4      | Found a staircase to the Ecumenical Temple.
  3696 | Temple   | Entered the Ecumenical Temple
  3753 | Temple   | Became a worshipper of Warmaster Okawaru
  4074 | D:6      | Reached skill level 6 in Axes
  4074 | D:6      | Reached XP level 8. HP: 32/71 MP: 7/7
  4119 | D:6      | Reached * piety under Okawaru
  4119 | D:6      | Reached skill level 1 in Invocations
  4840 | D:7      | Killed Pikel
  4840 | D:7      | Reached ** piety under Okawaru
  4840 | D:7      | Reached skill level 3 in Invocations
  4840 | D:7      | Reached XP level 9. HP: 70/81 MP: 8/10
  5212 | D:7      | Reached skill level 1 in Evocations
  5320 | D:7      | Found a stormy altar of Qazlal.
  5590 | D:7      | Noticed Duvessa
  5593 | D:7      | Noticed Dowan
  5599 | D:7      | Killed Duvessa
  5600 | D:7      | Killed Dowan
  5604 | D:7      | Got a jewelled shield
  5615 | D:7      | Identified the cursed +0 shield of the Vacuum {rF+ MR+ Str+4 Stlth+} (You found it on level 7 of the Dungeon)
  5857 | D:7      | Reached *** piety under Okawaru
  5898 | D:7      | Noticed Harold
  5913 | D:7      | Killed Harold
  5913 | D:7      | Reached skill level 9 in Fighting
  5913 | D:7      | Reached skill level 9 in Armour
  5913 | D:7      | Reached skill level 9 in Shields
  5913 | D:7      | Reached XP level 10. HP: 91/91 MP: 9/11
  5953 | D:8      | Reached **** piety under Okawaru
  6007 | D:8      | Found a runed gate.
  6007 | D:8      | Found a runed gate.
  6007 | D:8      | Found a runed gate.
  6085 | D:8      | Found Amniumul's Book Boutique.
  6312 | D:8      | Found a sacrificial altar of Ru.
  6319 | D:8      | Found a shattered altar of Ashenzari.
  6356 | D:8      | Noticed zapotec's ghost (novice OgBe)
  6432 | D:9      | Reached skill level 3 in Evocations
  6437 | D:9      | Found a hide-covered altar of Uskayaw.
  6723 | D:9      | Reached skill level 9 in Axes
  7033 | D:10     | Entered Level 10 of the Dungeon
  7070 | D:10     | Noticed Josephine
  7081 | D:10     | Killed Josephine
  7081 | D:10     | Reached ***** piety under Okawaru
  7151 | D:10     | Noticed a two-headed ogre
  7161 | D:10     | Killed a two-headed ogre
  7741 | D:11     | Reached XP level 11. HP: 88/100 MP: 10/13
  7829 | D:11     | Noticed a red ugly thing
  7829 | D:11     | Noticed a cyan ugly thing
  7847 | D:11     | Killed a cyan ugly thing
  7853 | D:11     | Killed a cyan ugly thing
  7993 | D:11     | Received a gift from Okawaru
  8009 | D:11     | Found a staircase to the Lair.
  8139 | D:11     | Received a gift from Okawaru
  8251 | D:11     | Found a white marble altar of Elyvilon.
  8252 | D:11     | Found a runed door.
  8252 | D:11     | Noticed an angel
  8375 | D:11     | Noticed a two-headed ogre
  8380 | D:11     | Killed a two-headed ogre
  8480 | D:12     | Noticed Nessos
  8485 | D:12     | Noticed a two-headed ogre
  8489 | D:12     | Killed Nessos
  8495 | D:12     | Killed a two-headed ogre
  8541 | D:12     | Noticed Erolcha
  8547 | D:12     | Noticed a two-headed ogre
  8549 | D:12     | Killed Erolcha
  8554 | D:12     | Killed a two-headed ogre
  8554 | D:12     | Received a gift from Okawaru
  8717 | D:12     | Got an ichor-stained chain mail
  8728 | D:12     | Identified the +7 chain mail of Perfidy {Regen+ SInv} (You found it on level 12 of the Dungeon)
  8782 | D:12     | Noticed Frances
  8799 | D:12     | Killed Frances
  8799 | D:12     | Reached XP level 12. HP: 20/110 MP: 13/15
  9081 | D:12     | Found a staircase to the Orcish Mines.
  9304 | D:12     | Reached skill level 6 in Invocations
  9383 | Lair:1   | Entered Level 1 of the Lair of Beasts
  9552 | Lair:1   | Reached ****** piety under Okawaru
  9691 | Lair:1   | Reached skill level 12 in Fighting
  9780 | Lair:1   | Reached skill level 12 in Armour
  9780 | Lair:1   | Reached skill level 12 in Shields
 10077 | Lair:2   | Noticed Fannar
 10084 | Lair:2   | Received a gift from Okawaru
 10094 | Lair:2   | Killed Fannar
 10214 | Lair:2   | Reached skill level 12 in Axes
 10819 | Lair:3   | Found a staircase to the Snake Pit.
 11234 | Lair:3   | Noticed a seven-headed hydra
 11245 | Lair:3   | Killed an 11-headed hydra
 11245 | Lair:3   | Received a gift from Okawaru
 11355 | Lair:3   | Reached XP level 13. HP: 119/119 MP: 17/17
 11612 | Lair:3   | Found a staircase to the Shoals.
 12945 | Lair:5   | Found a viscous altar of Jiyva.
 12947 | Lair:5   | Found a staircase to the Slime Pits.
 13062 | Lair:5   | Noticed Rupert
 13074 | Lair:5   | Killed Rupert
 13074 | Lair:5   | Received a gift from Okawaru
 13328 | Lair:6   | Entered Level 6 of the Lair of Beasts
 14266 | D:13     | Reached XP level 14. HP: 115/129 MP: 19/19
 14273 | D:13     | Received a gift from Okawaru
 14454 | D:13     | Reached skill level 9 in Invocations
 14600 | D:13     | Found a gate to the Vaults.
 14630 | D:13     | Got a flickering bronze amulet
 15683 | D:15     | Entered Level 15 of the Dungeon
 15767 | D:15     | Identified the amulet of the Thirsty Allies {Acrobat rF++} (You took it off a wizard on level 13 of the Dungeon)
 15882 | D:15     | Paralysed by a crimson imp for 6 turns
 15890 | D:15     | Received a gift from Okawaru
 16745 | D:15     | Found a staircase to the Depths.
 16917 | Snake:1  | Entered Level 1 of the Snake Pit
 16917 | Snake:1  | Noticed Kirke
 16935 | Snake:1  | Killed Kirke
 17164 | Snake:1  | Killed from afar by a shock serpent

Skill      XL: |  1  2  3  4  5  6  7  8  9 10 11 12 13 14 |
---------------+-------------------------------------------+-----
Fighting       | 4 5 6 8 9 10 11 12 13 14 | 14.8
Armour         | 4 5 6 7 9 10 11 12 13 14 | 14.8
Axes           | 3 4 5 6 7 8 9 11 12 13 14 | 14.6
Shields        | 4 5 6 7 9 10 11 12 13 14 | 14.8
Invocations    | 3 5 7 8 9 |  9.0
Evocations     | 2 4 |  4.0

Action                   |  1- 3 |  4- 6 |  7- 9 | 10-12 | 13-15 || total
-------------------------+-------+-------+-------+-------+-------++-------
Melee: War axe           |    57 |   169 |   298 |   124 |       ||   648
       Headbutt          |     9 |    18 |    58 |   136 |   206 ||   427
       Broad axe         |       |       |       |   390 |   740 ||  1130
Throw: Throwing net      |       |       |       |     1 |     2 ||     3
Invok: Heroism           |       |       |     3 |    17 |    20 ||    40
       Finesse           |       |       |       |     2 |    10 ||    12
 Abil: Evoke Berserk Rag |       |       |     2 |     3 |     1 ||     6
Evoke: Wand              |       |       |       |     2 |       ||     2
  Use: Potion            |       |     4 |       |       |     2 ||     6
       Scroll            |       |       |     2 |    17 |     7 ||    26
 Stab: Paralysed         |       |       |       |     3 |       ||     3
       Held in net/web   |       |       |       |       |     1 ||     1
       Petrified         |       |       |       |       |     1 ||     1
  Eat: Chunk             |       |     5 |    13 |    23 |    19 ||    60
       Ration            |       |       |     4 |       |     1 ||     5
Armor: Scale mail        |    23 |     3 |       |       |       ||    26
       Plate armour      |       |   144 |   181 |   117 |       ||   442
       Chain mail        |       |       |       |   127 |   367 ||   494
Dodge: Dodged            |    17 |    35 |    61 |   154 |   239 ||   506
Block: Shield            |    31 |    92 |   170 |   361 |   394 ||  1048
       Large shield      |       |       |       |       |   174 ||   174
